 Dungeon Crawl Stone Soup version 0.29-a0-284-gf9362112df (webtiles) character file.

Game seed: 16905522381823633071

150 gzilladon the Chopper (level 5, -1/46 HPs)
             Began as a Hill Orc Fighter on Mar 25, 2022.
             Slain by an orc
             ... wielding a +0 spear
              (3 damage)
             ... on level 3 of the Dungeon.
             The game lasted 00:09:02 (2306 turns).

gzilladon the Chopper (Hill Orc Fighter)            Turns: 2306, Time: 00:09:02

Health: -1/46      AC:  7    Str: 21    XL:     5   Next: 32%
Magic:  5/5        EV:  9    Int:  8    God:
Gold:   97         SH:  0    Dex: 10    Spells: 4/4 levels left

rFire   . . .      SeeInvis .   a - +0 war axe
rCold   . . .      Faith    .   c - +0 buckler
rNeg    . . .      Spirit   .   b - +0 scale mail
rPois   .          Reflect  +   (no helmet)
rElec   .          Harm     .   (no cloak)
rCorr   .          Rampage  .   (no gloves)
Will    .....                   (no boots)
Stlth   ..........              r - amulet of reflection
HPRegen 0.15/turn               (no ring)
MPRegen 0.09/turn               (no ring)

@: confused, hasted, very quick
A: no striking features
a: no special abilities


You were on level 3 of the Dungeon.
You visited 1 branch of the dungeon, and saw 3 of its levels.

You collected 97 gold pieces.

Inventory:

Hand Weapons
 a - a +0 war axe (weapon)
Missiles
 j - 17 stones (quivered)
Armour
 b - a +0 scale mail (worn)
 c - a +0 buckler (worn)
Jewellery
 r - an amulet of reflection (around neck)
Scrolls
 e - 2 scrolls of identify {unknown}
 f - a scroll of amnesia {unknown}
 i - a scroll of teleportation {unknown}
 l - a scroll of vulnerability {unknown}
 m - a scroll of noise {unknown}
 n - a scroll of acquirement {unknown}
 p - a scroll of brand weapon {unknown}
Potions
 d - a potion of might
 g - a potion of ambrosia {unknown}
 h - a potion of curing
 k - a potion of attraction {unknown}
 q - a potion of lignification {unknown}


   Skills:
 + Level 4.1 Fighting
 * Level 5.1 Axes
 + Level 4.4 Armour
 + Level 0.5 Dodging
 + Level 3.7 Shields


You had 4 spell levels left.
You didn't know any spells.
Your spell library was empty.

Dungeon Overview and Level Annotations

Branches:
Dungeon (3/15)

Altars:
Kikubaaqudgha

Shops:
D:2 [


Message History

* * * LOW HITPOINT WARNING * * *
You feel less confused.
You hear some strange, mumbled words.
You are confused.
You hear some strange, mumbled words.
Something tries to affect you, but you resist.
You feel less confused. Something hits you but does no damage.
Something hits you.
* * * LOW HITPOINT WARNING * * *
It was a potion of curing.
You feel better.
You hear some strange, mumbled words.
Something tries to affect you, but you resist.
An orc comes into view. It is wielding a +0 spear.
You hear some strange, mumbled words.
You are confused.
You hear some strange, mumbled words.
A puff of flame appears from out of thin air!
The puff of flame hits you.
The orc shouts!
A magic dart appears from out of thin air!
The magic dart hits you.
* * * LOW HITPOINT WARNING * * *
Something hits you.
* * * LOW HITPOINT WARNING * * *
An orc wizard appears from thin air!
Reactivating autopickup.
The orc wizard hits you but does no damage.
The orc wizard casts a spell at you.
You are more confused.
The orc wizard hits you with a +1 dagger of protection.
* * * LOW HITPOINT WARNING * * *
You miss the orc wizard.
The orc wizard is severely wounded.
The orc wizard hits you but does no damage.
The orc hits you from afar with a +0 spear.
* * * LOW HITPOINT WARNING * * *
It was a potion of haste.
You feel yourself speed up.
The orc hits you from afar with a +0 spear.
You die...

#..# .. ##. #..# .. ..
.. #..###.# ..####.
#...<..#
.......##########..#####
..................#
##..........#.....###
###......#.'..........
#..oo@.#.#....######
####........####.#
.........))..# #.#
.####........# #.#
......#.....# ###
###.#.#.....#
#.#.#....... #
#.####..... .. #.####


You could see an orc wizard and an orc.

Vanquished Creatures
  A howler monkey (D:2)
  An orc wizard (D:3)
  3 adders
  A worm (D:2)
  A dart slug (D:2)
  2 orcs (D:3)
  4 ball pythons
  4 bats
  10 endoplasms
  A giant cockroach (D:1)
  6 goblins (D:1)
  4 hobgoblins (D:1)
  6 kobolds (D:1)
  3 quokkas
  3 frilled lizards
50 creatures vanquished.

Notes
Turn   | Place    | Note
-------+----------+-------------------------------------------
     0 | D:1      | gzilladon the Hill Orc Fighter began the quest for the Orb.
     0 | D:1      | Reached XP level 1. HP: 19/19 MP: 1/1
   243 | D:1      | Reached skill level 3 in Axes
   243 | D:1      | Reached XP level 2. HP: 16/26 MP: 2/2
   602 | D:1      | Reached XP level 3. HP: 33/33 MP: 3/3
   641 | D:1      | Found a faded altar of an unknown god.
  1505 | D:2      | Reached skill level 4 in Axes
  1543 | D:2      | Reached XP level 4. HP: 39/40 MP: 4/4
  1598 | D:2      | Found Jeloepos's Armour Boutique.
  1997 | D:2      | Found an ancient bone altar of Kikubaaqudgha.
  2252 | D:3      | Reached XP level 5. HP: 46/46 MP: 5/5
  2279 | D:3      | Reached skill level 5 in Axes
  2305 | D:3      | HP: 1/46 [orc/+0 spear (5)]
  2306 | D:3      | Slain by an orc

Illustrated notes

Levels and vault maps discovered:
D:1:      amcnicky_arrival_feature_with_door, layout_loops_cross,
          shapermc_ecumenical_altar_mp_vishouse
D:2:      layout_loops_cross, serial_shops, shop, basic_altar
D:3:      layout_basic

Skill      XL: |  1  2  3  4  5 |
---------------+----------------+-----
Axes           | 3 4 5 |  5.1
Armour         | 4 |  4.4
Fighting       | 4 |  4.1
Dodging        | |  0.5
Shields        | |  3.7

Action                   |  1- 3 |  4- 6 || total
-------------------------+-------+-------++-------
Melee: War axe           |   116 |    39 ||   155
  Use: Potion            |       |     2 ||     2
Armor: Scale mail        |    75 |    14 ||    89
Dodge: Dodged            |    85 |    10 ||    95
Block: Buckler           |    31 |    14 ||    45
       Reflection        |       |     1 ||     1

Table legend: (Time is in decaauts)
 A = Elapsed time spent in this place.
 B = Non-inter-level travel time spent in this place.
 C = Inter-level travel time spent in this place.
 D = Time resting spent in this place.
 E = Time spent auto-exploring this place.
 F = Levels seen in this place.
 G = Mean time per level.
                   A        B        C        D        E       F      G
               +--------+--------+--------+--------+--------+-----+--------+
         Total |   2360 |   2199 |    161 |    610 |      0 |   3 |  786.7 |
       Dungeon |   2360 |   2199 |    161 |    610 |      0 |   3 |  786.7 |
               +--------+--------+--------+--------+--------+-----+--------+

Top non-repeatable levels by time:
     D:1: 1400 daAuts
     D:2: 890 daAuts
     D:3: 69 daAuts
